 Dungeon Crawl Stone Soup version 0.23.1 (webtiles) character file.

Game seed: 0

610702 Hasart the Petrodigitator (level 26, -11/147 HPs)
             Began as a Deep Elf Earth Elementalist on Mar 4, 2019.
             Was a High Priest of Sif Muna.
             Mangled by a storm dragon (17 damage)
             ... on level 4 of the Realm of Zot on Mar 5, 2019.
             The game lasted 05:01:40 (96709 turns).

Hasart the Petrodigitator (DEEE)                   Turns: 96709, Time: 05:01:41

Health: -11/147    AC: 19    Str: 12    XL:     26   Next: 75%
Magic:  0/55       EV: 22    Int: 36    God:    Sif Muna [*****.]
Gold:   3697       SH:  7    Dex: 17    Spells: 15/78 levels left

rFire    + + .     SeeInvis +   U - +5 trident of the Big Fish {freeze, rElec Int+4}
rCold    + + .     Gourm    .   J - +0 buckler {reflect}
rNeg     + + +     Faith    .   i - +2 faerie dragon scales {Regen+ rCorr Str+4 Stlth+}
rPois    +         Spirit   .   k - +2 helmet {SInv}
rElec    +         Reflect  +   X - scarf {repulsion}
rCorr    +         Harm     .   Y - -1 pair of gloves of Momuby {*Contam rPois MR++ rCorr} (curse)
MR       ++++.                  B - +5 pair of boots of the Well-Known Scars {+Fly rF++}
Stlth    ++........             x - amulet of regeneration
HPRegen  1.14/turn              t - ring "Peuffut" {rCorr *Drain rPois rC- rN+++}
MPRegen  0.34/turn              y - ring of the Tempest {rCorr +Blink rC+++ Str+2 Stlth-}

@: slowed, studying 2 skills, repel missiles, very slow
A: agile 1, MP-powered wands
}: 3/15 runes: decaying, serpentine, silver
a: Divine Energy, Channel Magic, Forget Spell, Renounce Religion, Evoke Blink,
Evoke Flight


You were on level 4 of the Realm of Zot.
You worshipped Sif Muna.
Sif Muna was extremely pleased with you.
You were hungry.

You visited 11 branches of the dungeon, and saw 51 of its levels.
You also visited: Sewer and Bailey.

You collected 7410 gold pieces.
You spent 3713 gold pieces at shops.

Inventory:

Hand Weapons
 U - the +5 trident of the Big Fish (weapon) {freeze, rElec Int+4}
   (You bought it in a shop on level 2 of the Orcish Mines)

   It has been specially enchanted to freeze those struck by it, causing extra
   injury to most foes and up to half again as much damage against particularly
   susceptible opponents.
   It can also slow down cold-blooded creatures.
   It affects your intelligence (+4).
   It insulates you from electricity.
Missiles
 p - 1089 stones (quivered)
Armour
 i - the +2 faerie dragon scales (worn) {Regen+ rCorr Str+4 Stlth+}
   (You took it off the Enchantress on level 15 of the Dungeon)

   It affects your strength (+4).
   It increases your rate of regeneration.
   It provides partial protection from all sources of acid and corrosion.
   It makes you more stealthy.
 k - a +2 helmet of see invisible (worn)
 B - the +5 pair of boots of the Well-Known Scars (worn) {+Fly rF++}
   (You bought it in a shop on level 5 of the Dungeon)

   It greatly protects you from fire.
   It lets you fly.
 D - the +0 leather armour "Uxipt" {rElec MR+ Str-5 Int+8}
   (You found it on level 7 of the Dungeon)

   It affects your strength (-5).
   It affects your intelligence (+8).
   It insulates you from electricity.
   It affects your resistance to hostile enchantments.
 J - a +0 buckler of reflection (worn)
 M - the +2 pair of gloves of the Untouchables {*Contam rF+ MP+9 Int+8}
   (You acquired it on level 4 of the Dungeon)

   It affects your intelligence (+8).
   It protects you from fire.
   It affects your magic capacity (+9).
   It causes magical contamination when unequipped.
 X - a scarf of repulsion (worn)
 Y - the cursed -1 pair of gloves of Momuby (worn) {*Contam rPois MR++ rCorr}
   (You bought it in a shop on level 2 of the Orcish Mines)

   It protects you from poison.
   It affects your resistance to hostile enchantments.
   It causes magical contamination when unequipped.
   It provides partial protection from all sources of acid and corrosion.
   It has a curse placed upon it.
Magical Staves
 H - an uncursed staff of earth
 R - an uncursed staff of power
Jewellery
 b - an uncursed ring of positive energy
 e - the ring "Poerip" {rF+ rC+ Int+3 SInv Stlth-}
   (You bought it in a shop on level 4 of the Snake Pit)

   [ring of attention]

   It affects your intelligence (+3).
   It protects you from fire.
   It protects you from cold.
   It lets you see invisible.
   It makes you less stealthy.
 s - a cursed ring of protection from cold
 t - the ring "Peuffut" (left hand) {rCorr *Drain rPois rC- rN+++}
   (You took it off a deep elf sorcerer on level 3 of the Elven Halls)

   [ring of resist corrosion]

   It makes you vulnerable to cold.
   It protects you from poison.
   It renders you almost immune to negative energy.
   It causes draining when unequipped.
 x - an amulet of regeneration (around neck)
 y - the ring of the Tempest (right hand) {rCorr +Blink rC+++ Str+2 Stlth-}
   (You found it on level 1 of the Swamp)

   [ring of resist corrosion]

   It affects your strength (+2).
   It renders you almost immune to cold.
   It lets you blink.
   It makes you less stealthy.
 z - an uncursed ring of protection from magic
 L - an uncursed ring of fire
 O - an uncursed ring of protection from cold
 V - an uncursed ring of magical power
Wands
 c - a wand of disintegration (6)
 u - a wand of digging (16)
 v - a wand of acid (28)
 F - a wand of clouds (13)
 S - a wand of iceblast (37)
Scrolls
 a - 29 scrolls of identify
 f - 4 scrolls of blinking
 h - 27 scrolls of remove curse
 l - 23 scrolls of teleportation
 o - 14 scrolls of magic mapping
 q - 2 scrolls of fog
 I - 3 scrolls of enchant armour
 N - 2 scrolls of holy word
 T - a scroll of brand weapon
Potions
 g - 7 potions of ambrosia
 j - 6 potions of lignification
 n - 7 potions of magic
 r - 6 potions of brilliance
 w - 15 potions of curing
 A - a potion of cancellation
 G - 9 potions of haste
 P - 5 potions of mutation
 Q - 10 potions of heal wounds
Books
 C - a manual of Hexes
 K - a manual of Dodging
Miscellaneous
 m - a fan of gales
Comestibles
 d - 78 rations
 W - 3 chunks of flesh


   Skills:
 - Level 10.0 Fighting
 - Level 3.0 Staves
 - Level 6.0 Armour
 - Level 15.0 Dodging
 - Level 2.4 Stealth
 + Level 9.6 Shields
 + Level 26.9 Spellcasting
 - Level 14.3 Conjurations
 * Level 13.9 Necromancy
 * Level 13.1 Transmutations
 - Level 16.3 Fire Magic
 O Level 27 Earth Magic
 + Level 10.2 Invocations
 - Level 5.0 Evocations


You had 15 spell levels left.
You knew the following spells:

 Your Spells              Type           Power        Failure   Level  Hunger
a - Stone Arrow           Conj/Erth      ######       0%          3    None
b - Sandblast             Erth           ######       0%          1    None
c - Lee's Rapid Deconstr  Erth           ########..   0%          5    None
d - Fire Storm            Conj/Fire      ########..   73%         9    ##.....
e - Ignition              Fire           ########..   4%          8    None
f - Shatter               Erth           ########..   1%          9    ##.....
g - Necromutation         Tmut/Necr      #######...   14%         8    None
i - Shroud of Golubria    Chrm/Tloc      #####.....   1%          2    None
s - Iron Shot             Conj/Erth      ########..   1%          6    None
u - Swiftness             Chrm/Air       #####...     1%          2    None
v - Passwall              Tmut/Erth      ########     0%          2    None
x - Lehudib's Crystal Sp  Conj/Erth      ########..   1%          8    None

Your spell library contained the following spells:

 Spells                   Type           Power        Failure   Level  Hunger
 Animate Skeleton         Necr           N/A          0%          1    None
 Beastly Appendage        Tmut           ######       0%          1    None
 Flame Tongue             Conj/Fire      #####        0%          1    None
 Magic Dart               Conj           ####         0%          1    None
 Pain                     Necr           ####         0%          1    None
 Corpse Rot               Necr           N/A          0%          2    None
 Searing Ray              Conj           ######       0%          2    None
 Sticks to Snakes         Tmut           #######.     0%          2    None
 Sublimation of Blood     Necr           #######...   0%          2    None
 Throw Flame              Conj/Fire      ######       0%          2    None
 Conjure Flame            Conj/Fire      ########     0%          3    None
 Vampiric Draining        Necr           #######...   0%          3    None
 Iskenderun's Mystic Bla  Conj           ########     0%          4    None
 Petrify                  Tmut/Erth      ########     0%          4    None
 Sticky Flame             Conj/Fire      ########     0%          4    None
 Bolt of Magma            Conj/Fire/Erth ########..   0%          5    None
 Borgnjor's Vile Clutch   Necr/Erth      ########..   0%          5    None
 Apportation              Tloc           #####.       1%          1    None
 Confusing Touch          Hex            #####.       1%          1    None
 Corona                   Hex            #####..      1%          1    None
 Infusion                 Chrm           ####         1%          1    None
 Shock                    Conj/Air       ####         1%          1    None
 Sting                    Conj/Pois      ####         1%          1    None
 Summon Butterflies       Summ           #####...     1%          1    None
 Summon Small Mammal      Summ           ####         1%          1    None
 Call Imp                 Summ           #####...     1%          2    None
 Ensorcelled Hibernation  Hex/Ice        #####.       1%          2    None
 Slow                     Hex            #####...     1%          2    None
 Song of Slaying          Chrm           #####...     1%          2    None
 Throw Frost              Conj/Ice       ######       1%          2    None
 Call Canine Familiar     Summ           #####...     1%          3    None
 Confuse                  Hex            #####...     1%          3    None
 Dazzling Spray           Conj/Hex       ######       1%          3    None
 Ignite Poison            Fire/Tmut/Pois #######.     1%          3    None
 Inner Flame              Hex/Fire       #######.     1%          3    None
 Mephitic Cloud           Conj/Pois/Air  ######..     1%          3    None
 Recall                   Summ/Tloc      N/A          1%          3    None
 Regeneration             Chrm/Necr      #######...   1%          3    None
 Spectral Weapon          Hex/Chrm       #####...     1%          3    None
 Spider Form              Tmut/Pois      #######...   1%          3    None
 Static Discharge         Conj/Air       #######.     1%          3    None
 Summon Guardian Golem    Hex/Summ       #####...     1%          3    None
 Teleport Other           Tloc           #####...     1%          3    None
 Tukima's Dance           Hex            #####...     1%          3    None
 Animate Dead             Necr           N/A          1%          4    None
 Force Lance              Conj/Tloc      #######.     1%          4    None
 Fulminant Prism          Conj/Hex       #######...   1%          4    None
 Ice Form                 Ice/Tmut       #######.     1%          4    None
 Leda's Liquefaction      Hex/Erth       #######...   1%          4    None
 Throw Icicle             Conj/Ice       #######.     1%          4    None
 Agony                    Necr           #######.     1%          5    None
 Alistair's Intoxication  Tmut/Pois      #######.     1%          5    None
 Blade Hands              Tmut           #######...   1%          5    None
 Bolt of Draining         Conj/Necr      ########..   1%          5    None
 Dispel Undead            Necr           #######.     1%          5    None
 Excruciating Wounds      Chrm/Necr      #######...   1%          5    None
 Fireball                 Conj/Fire      ########..   1%          5    None
 Irradiate                Conj/Tmut      #######...   1%          5    None
 Iskenderun's Battlesphe  Conj/Chrm      #######.     1%          5    None
 Lightning Bolt           Conj/Air       #######...   1%          5    None
 Venom Bolt               Conj/Pois      #######...   1%          5    None
 Yara's Violent Unravell  Hex/Tmut       #######...   1%          5    None
 Bolt of Fire             Conj/Fire      ########..   1%          6    None
 Death Channel            Necr           #######...   1%          6    None
 Hydra Form               Tmut           #######...   1%          6    None
 Statue Form              Tmut/Erth      ########.    1%          6    None
 Orb of Destruction       Conj           ########..   1%          7    None
 Dragon Form              Tmut           #######...   2%          7    None
 Bolt of Cold             Conj/Ice       #######...   4%          6    None
 Conjure Ball Lightning   Conj/Air       #######...   4%          6    None
 Poison Arrow             Conj/Pois      #######...   4%          6    None
 Simulacrum               Ice/Necr       #######...   4%          6    None
 Airstrike                Air            #####.....   6%          4    None
 Olgreb's Toxic Radiance  Pois           #####...     6%          4    None
 Passage of Golubria      Tloc           N/A          6%          4    None
 Summon Ice Beast         Ice/Summ       #####...     6%          4    None
 Summon Lightning Spire   Summ/Air       #####...     6%          4    None
 Freezing Cloud           Conj/Ice/Air   ######....   12%         6    None
 Borgnjor's Revivificati  Necr           #######...   12%         8    None
 Infestation              Necr           #######...   12%         8    None
 Aura of Abjuration       Summ           #####.....   16%         5    None
 Metabolic Englaciation   Hex/Ice        #####.....   16%         5    None
 Silence                  Hex/Air        #####.....   16%         5    None
 Summon Demon             Summ           #####.....   16%         5    None
 Summon Forest            Summ/Tloc      #####.....   16%         5    None
 Summon Mana Viper        Hex/Summ       #####...     16%         5    None
 Ring of Flames           Chrm/Fire      #######...   17%         7    None
 Spellforged Servitor     Conj/Summ      #######...   26%         7    None
 Haunt                    Necr/Summ      #######...   28%         7    None
 Darkness                 Hex            #####.....   65%         6    None
 Deflect Missiles         Chrm/Air       #####.....   65%         6    None
 Dispersal                Tloc           #####.....   65%         6    None
 Invisibility             Hex            #####...     65%         6    None
 Ozocubu's Refrigeration  Ice            #####.....   65%         6    None
 Shadow Creatures         Summ           N/A          65%         6    None
 Chain Lightning          Conj/Air       #######...   90%         8    None
 Death's Door             Chrm/Necr      #######...   91%         8    None
 Malign Gateway           Summ/Tloc      #####.....   99%         7    None
 Monstrous Menagerie      Summ           #####.....   99%         7    None
 Summon Greater Demon     Summ           #####.....   99%         7    None
 Summon Hydra             Summ           #####.....   99%         7    None
 Dragon's Call            Summ           #####.....   100%        9    ##.....
 Glaciate                 Conj/Ice       #######...   100%        9    ##.....
 Tornado                  Air            #####.....   100%        9    ##.....


Dungeon Overview and Level Annotations

Branches:
Dungeon (15/15)            Temple (0/1) D:6            Lair (6/6) D:10
  Swamp (4/4) Lair:3        Snake (4/4) Lair:3        Slime (0/5) Lair:5
    Orc (2/2) D:12            Elf (3/3) Orc:2        Vaults (5/5) D:14
  Crypt (3/3) Vaults:2       Tomb (0/3) Crypt:3      Depths (5/5) D:15
   Hell (1/1)                 Dis (0/7) Hell            Geh (0/7) Hell
    Coc (0/7) Hell            Tar (0/7) Hell            Zot (1/5) Depths:5

Altars:
Dithmenos
Gozag
Makhleb
Sif Muna
Trog
Uskayaw
Xom
Beogh

Shops:
D:4 *(   D:5 [=   D:13 [   D:14 ([:?*   Orc:2 :[[(   Elf:1 *   Elf:3 *=
Snake:3 [   Snake:4 }==   Vaults:1 =   Vaults:3 [

Portals:
Hell: Depths:1 Depths:2 Depths:3 Depths:4 Depths:5
Abyss: Depths:1 Depths:3 Depths:4 Depths:5
Pandemonium: Depths:3 Depths:4
Ziggurat: Depths:1

Annotations:
D:9 1 transporter
Swamp:3 1 transporter, exclusion: downstairs
Vaults:2 3 runed translucent doors, Marixus's ghost, adept HOFi
Depths:3 3 runed translucent doors, feelmyfire's ghost, veteran MfWr; vishdafish's ghost, veteran GnFi


Innate Abilities, Weirdness & Mutations

You are agile. (Dex +2)
You expend magic power (3 MP) to strengthen your wands.


Message History

The death cob drains your vigour!
You feel yourself slow down. You block the death cob's attack.
The death cob hits you.
* * * LOW HITPOINT WARNING * * *
Unknown command.
As you read the scroll of summoning, it crumbles to dust.
Wisps of shadow whirl around you...
The death cob hits you but does no damage.
The death cob closely misses you.
The quicksilver dragon bites your death cob but does no damage.
The quicksilver dragon claws your death cob but does no damage.
The storm dragon bites you but does no damage.
The storm dragon claws you but does no damage.
The storm dragon completely misses you. The purple draconian misses you.
You block the death cob's attack. The ghost moth stares at you.
You feel your power leaking away.
The quicksilver dragon barely misses your death cob.
The quicksilver dragon claws your death cob.
The storm dragon bites you!
You die...

#... #.
##.$.. #.
#.....D.
#.##.#....##
#...........
##...........
#.q.d.#......
#.d.D#......
#.@zqy.q...
#zdq.#.%..#
#D.Dq.###.#
#.....#...##
....q... ..○#
...####.#..
..○ ...
#..... .# ..
...#... . ...
####


You could see a storm dragon, a purple draconian, a death cob, a quicksilver
dragon, a purple draconian annihilator, a ghost moth (invisible), 2 friendly
draconians, 2 friendly draconians, a friendly red draconian, a friendly white
draconian, a friendly death cob, a friendly quicksilver dragon and a friendly
yellow draconian stormcaller (wandering).

Vanquished Creatures
  Khufu (Crypt:1)
  Mara (Snake:4)
  2 juggernauts
  Sojobo (Depths:3)
  A greater mummy (Crypt:3)
  Xtahua (Crypt:3)
  A caustic shrike (Depths:2)
  Saint Roka (Snake:4)
  Geryon (Hell)
  2 golden dragons
  Nikola (Depths:3)
  the Enchantress (D:15)
  2 electric golems (Zot:1)
  3 liches
  11 tentacled monstrosities
  Rupert (Orc:2)
  3 deep elf blademasters
  Asterion (Depths:1)
  A titan (Vaults:5)
  2 deep elf master archers (Elf:3)
  4 death cobs
  2 quicksilver dragons
  Gastronok (Orc:1)
  5 sphinxes
  3 ancient champions
  3 thorn hunters
  A draconian monk (Depths:5)
  7 storm dragons
  8 tengu reavers
  6 revenants
  8 shadow dragons
  3 iron dragons
  2 draconian knights (Zot:1)
  7 deep elf sorcerers
  A draconian scorcher (Zot:1)
  6 nagarajas (Snake:4)
  Louise (Snake:4)
  14 frost giants
  A ghost moth (Zot:1)
  9 fire giants
  5 deep elf elementalists (Elf:3)
  17 vault wardens
  A curse skull (Crypt:1)
  An orc warlord (Orc:2)
  A draconian annihilator (Zot:1)
  A draconian shifter (Zot:1)
  20 ironheart preservers
  7 reapers (Hell)
  7 ghouls
  4 draconian stormcallers (Depths:5)
  A caustic shrike skeleton (Depths:3)
  5 war gargoyles (Vaults:5)
  2 entropy weavers
  4 spriggan defenders
  2 green draconians
  27 stone giants
  4 lorocyprocas
  An entropy weaver (shapeshifter) (Vaults:5)
  A black draconian (Depths:5)
  9 vampire knights
  18 very ugly things
  Nessos (D:13)
  5 deep elf demonologists
  A purple draconian (Zot:1)
  A yellow draconian (Zot:1)
  11 deep elf annihilators
  8 spark wasps
  2 white draconians (Depths:5)
  An ettin (shapeshifter) (Depths:5)
  13 ettins
  Snorg (D:13)
  5 eidola
  2 blizzard demons (Hell)
  2 crystal guardians
  12 deep elf death magi
  5 mummy priests (Crypt:3)
  21 yaktaur captains
  11 fire dragons
  Josephine (D:12)
  11 great orbs of eyes
  12 ogre magi
  2 jiangshi (Crypt:2)
  6 deep elf high priests
  Fannar (Orc:1)
  26 hydras
  33 vault guards
  3 catoblepae (Lair:6)
  4 spriggan air magi
  4 rakshasas
  12 naga warriors
  11 ice dragons
  The ghost of Hasart the Destroyer, a journeyman DEEE of Vehumet (D:13)
  6 death knights
  4 ghost crabs
  24 anacondas
  37 two-headed ogres
  10 centaur warriors
  A two-headed ogre (shapeshifter) (Vaults:5)
  The ghost of HunterMK the Fencer, a novice MiFi of the Shining One (D:9)
  3 vampire magi
  8 tengu warriors
  19 alligators
  7 deep troll shamans
  A titan zombie (Hell)
  8 death yaks (Lair:6)
  20 dancing weapons
  4 orc high priests
  11 deep troll earth magi
  7 hell knights
  5 spriggan berserkers
  12 soul eaters
  19 deep elf knights
  6 shock serpents
  16 naga sharpshooters
  6 sun demons
  Sonja (D:13)
  Nergalle (D:10)
  2 titan skeletons (Hell)
  2 salamander mystics
  32 skeletal warriors
  3 iron trolls
  2 anaconda zombies (Hell)
  5 shadow wraiths
  3 swamp dragons (shapeshifter)
  10 flayed ghosts
  13 naga ritualists
  14 swamp dragons
  8 glowing orange brains
  A glowing orange brain (shapeshifter) (D:15)
  2 spriggan druids
  2 unseen horrors
  An orange crystal statue (D:8)
  7 wizards
  55 deep trolls
  3 lindwurms (Swamp:4)
  21 ironbrand convokers
  10 orc knights
  15 deep elf archers
  12 phantasmal warriors
  An oklob plant (Lair:1)
  A harpy (shapeshifter) (Vaults:4)
  An anaconda skeleton (Crypt:1)
  2 sphinx zombies
  Pikel (D:8)
  3 harpies (Vaults:3)
  12 necromancers
  5 orc sorcerers
  66 deep elf magi
  An iron dragon zombie (Crypt:1)
  An orb spider (shapeshifter) (Depths:3)
  7 salamanders
  44 ugly things
  12 mana vipers
  2 mana vipers (shapeshifter)
  A stone giant zombie (Depths:2)
  3 cyclopes
  2 manticores (Lair:6)
  A sphinx skeleton (Depths:2)
  A fire giant zombie (Vaults:1)
  2 frost giant skeletons
  A frost giant zombie (Depths:2)
  Maurice (D:8)
  An iron dragon skeleton (Crypt:3)
  21 naga magi
  46 black mambas
  A dire elephant zombie (Hell)
  2 rust devils (Hell)
  5 moths of wrath
  2 guardian serpents (shapeshifter) (Vaults:3)
  2 ice statues
  2 gargoyles
  15 guardian serpents
  21 vault sentinels
  A water nymph (shapeshifter) (Vaults:5)
  10 spiny frogs
  2 torpor snails (shapeshifter)
  A human zombie (Vaults:1)
  2 rime drakes
  A rime drake (shapeshifter) (Vaults:5)
  10 freezing wraiths
  5 komodo dragons
  32 yaktaurs
  4 hydra zombies (Hell)
  A catoblepas skeleton (Crypt:3)
  A yaktaur skeleton (Vaults:1)
  A demonic crawler (Hell)
  2 yaktaurs (shapeshifter) (Vaults:5)
  A red devil (Hell)
  2 spriggan skeletons (Depths:1)
  3 tengu conjurers
  34 guardian mummies (Crypt:3)
  A tyrant leech (shapeshifter) (D:15)
  6 polar bears
  12 trolls
  A jumping spider (shapeshifter) (Vaults:1)
  A meliai (shapeshifter) (Depths:3)
  10 tyrant leeches
  13 hornets
  28 slime creatures
  3 stone giant simulacra
  15 bog bodies
  A hornet (shapeshifter) (Elf:1)
  An alligator zombie (Hell)
  3 blink frogs (Swamp:2)
  2 ice dragon zombies
  An ettin zombie (Depths:1)
  A spriggan zombie (Depths:1)
  A hydra skeleton (Hell)
  Grinder (D:6)
  13 hippogriffs
  An air elemental (Elf:1)
  An ettin skeleton (Hell)
  A fire giant simulacrum (Depths:3)
  13 spriggans
  11 wraiths
  3 redbacks (Vaults:4)
  A shadow (Swamp:1)
  9 flying skulls (Crypt:1)
  2 human simulacra
  An ice dragon skeleton (Crypt:1)
  4 vampires
  44 yaks
  A spriggan (shapeshifter) (D:15)
  A tarantella (Vaults:4)
  A tarantella (shapeshifter) (Vaults:4)
  5 water elementals
  4 wyverns
  4 basilisks
  7 fire elementals (Hell)
  A yak (shapeshifter) (D:15)
  A hungry ghost (D:10)
  A tyrant leech zombie (Crypt:3)
  A golden eye (shapeshifter) (Vaults:2)
  2 chaos spawn (D:13)
  6 ushabtiu (Crypt:3)
  A steam dragon (D:14)
  20 vampire mosquitoes
  A deep troll zombie (Crypt:1)
  17 wargs
  An infernal demonspawn zombie (Crypt:3)
  17 swamp worms
  A water nymph zombie (Crypt:2)
  12 insubstantial wisps
  54 nagas
  2 acid dragons
  16 water moccasins
  An infernal demonspawn skeleton (Crypt:1)
  8 hell hounds (Hell)
  2 spiny frog zombies (Hell)
  A tengu skeleton (Depths:1)
  20 porcupines
  12 ice beasts
  13 swamp drakes
  A black bear (shapeshifter) (Depths:1)
  An eye of draining (shapeshifter) (D:15)
  58 orc warriors
  3 sky beasts
  4 slaves
  2 black bears
  An alligator simulacrum (Hell)
  A phantom (D:7)
  2 boggarts
  30 ogres
  10 wolves
  22 centaurs
  A snapping turtle skeleton (Crypt:3)
  3 human skeletons (Vaults:1)
  A blink frog skeleton (Crypt:1)
  A blink frog zombie (Crypt:2)
  2 elf skeletons
  5 necrophages
  9 crocodiles
  2 elf simulacra
  2 salamander zombies
  2 big kobolds
  An octopode zombie (Crypt:1)
  20 bullfrogs
  8 gnoll sergeants (Bailey)
  A spiny frog simulacrum (Crypt:1)
  An earth elemental (Elf:2)
  A wyvern skeleton (D:10)
  A draconian skeleton (Crypt:3)
  4 scorpions
  A snapping turtle simulacrum (Hell)
  A tengu zombie (Depths:1)
  6 killer bees (D:9)
  19 wights
  A yak skeleton (Crypt:3)
  4 electric eels
  10 crimson imps
  2 centaur zombies
  A bullfrog zombie (D:6)
  A quasit (D:11)
  6 centaur skeletons
  6 jellies
  2 bullfrog skeletons
  29 orc priests
  10 hounds
  6 gnoll shamans (Bailey)
  3 iguanas
  25 orc wizards
  7 worker ants
  A killer bee zombie (D:6)
  A big kobold zombie (Crypt:2)
  A naga skeleton (Crypt:1)
  2 hound skeletons (D:5)
  8 mummies
  3 worker ant zombies
  18 adders
  18 gnolls
  2 river rats (Sewer)
  A swamp drake skeleton (Crypt:3)
  4 shadow imps
  A steam dragon skeleton (Crypt:2)
  3 oozes
  2 adder skeletons
  A halfling skeleton (Crypt:1)
  4 worms
  A barachi zombie (Crypt:3)
  8 dart slugs
  6 leopard geckos
  A leopard gecko (shapeshifter) (Vaults:5)
  141 orcs
  7 giant cockroaches
  13 goblins
  5 hobgoblins
  8 jackals
  7 quokkas
  2 ball pythons
  8 bats
  17 frilled lizards
  18 kobolds
  A kobold zombie (Crypt:3)
  A leopard gecko skeleton (D:3)
  A leopard gecko zombie (D:7)
  An orc skeleton (Crypt:1)
  A quokka skeleton (Crypt:2)
  10 rats
  A rat skeleton (Crypt:3)
  A rat zombie (Crypt:3)
  A river rat skeleton (Crypt:2)
  5 plants
  A withered plant (Crypt:3)
2474 creatures vanquished.

Vanquished Creatures (others)
  4 yaktaur captains (Vaults:5)
  A deep elf archer (Vaults:5)
  A salamander (Snake:4)
  A yaktaur (Vaults:5)
  An insubstantial wisp (Swamp:2)
  A centaur (Depths:4)
  A bush (D:10)
  10 fungi
  24 plants
  2 withered plants (Depths:3)
46 creatures vanquished.

Grand Total: 2520 creatures vanquished

Notes
Turn   | Place    | Note
-------+----------+-------------------------------------------
     0 | D:1      | Hasart the Deep Elf Earth Elementalist began the quest for
                  | the Orb.
     0 | D:1      | Reached XP level 1. HP: 10/10 MP: 6/6
   369 | D:1      | Reached XP level 2. HP: 10/15 MP: 4/8
   822 | D:2      | Reached skill level 4 in Earth Magic
   911 | D:2      | Reached XP level 3. HP: 16/19 MP: 2/9
  1085 | D:2      | Found a faded altar of an unknown god.
  1328 | D:2      | Reached XP level 4. HP: 19/24 MP: 8/11
  1335 | D:2      | Learned a level 3 spell: Stone Arrow
  1338 | D:2      | Learned a level 2 spell: Passwall
  1417 | D:2      | Found an opulent altar of Gozag.
  1873 | D:3      | Found a glowing drain.
  1876 | D:3      | Reached skill level 1 in Conjurations
  1900 | Sewer    | Entered a sewer
  2184 | Sewer    | Reached XP level 5. HP: 28/28 MP: 9/13
  2194 | Sewer    | Learned a level 5 spell: Lee's Rapid Deconstruction
  2599 | D:3      | Reached skill level 5 in Earth Magic
  2835 | D:3      | Reached XP level 6. HP: 32/32 MP: 9/14
  2924 | D:3      | Found a deep blue altar of Sif Muna.
  2934 | D:3      | Became a worshipper of Sif Muna the Loreminder
  3244 | D:4      | Found a sand-covered staircase.
  3328 | D:4      | Found Gurenkei's Weapon Shoppe.
  3336 | D:4      | Bought 28 stones for 30 gold pieces
  3469 | D:4      | Found Dayhiph's General Store.
  3705 | D:5      | Entered Level 5 of the Dungeon
  3719 | D:5      | Found Sinegaj's Jewellery Boutique.
  3735 | D:5      | Reached skill level 5 in Spellcasting
  4313 | D:5      | Found Qutwog's Armour Boutique.
  4356 | D:5      | Reached XP level 7. HP: 36/36 MP: 10/17
  4534 | D:5      | Reached * piety under Sif Muna
  4592 | D:5      | Found a bloodstained altar of Trog.
  4756 | D:6      | Reached skill level 5 in Dodging
  4771 | D:6      | Noticed Grinder
  4922 | D:6      | Reached skill level 5 in Conjurations
  4969 | D:6      | Killed Grinder
  4969 | D:6      | Reached skill level 6 in Earth Magic
  5074 | D:6      | Reached skill level 1 in Invocations
  5074 | D:6      | Reached skill level 1 in Evocations
  5074 | D:6      | Reached XP level 8. HP: 41/41 MP: 13/19
  5148 | D:6      | Found a staircase to the Ecumenical Temple.
  5535 | D:6      | Got a transparent leather armour
  5536 | D:6      | Identified the cursed +1 leather armour of Sidu {*Slow
                  | rF+++ MR+ Str+2} (You found it on level 6 of the Dungeon)
  5632 | D:6      | Reached ** piety under Sif Muna
  6083 | D:7      | Found a transporter.
  6105 | D:7      | Found a transporter.
  6164 | D:7      | Reached skill level 1 in Shields
  6564 | D:7      | Got a dazzling leather armour
  6565 | D:7      | Identified the +0 leather armour "Uxipt" {rElec MR+ Str-5
                  | Int+8} (You found it on level 7 of the Dungeon)
  6762 | D:7      | Reached XP level 9. HP: 45/45 MP: 13/21
  7450 | D:8      | Reached skill level 7 in Earth Magic
  7451 | D:8      | Noticed Maurice
  7676 | D:8      | Killed Maurice
  7738 | D:8      | Noticed a two-headed ogre
  7748 | D:8      | HP: 2/45 [slave[Pikel] (7)]
  8045 | D:8      | Killed a two-headed ogre
  8045 | D:8      | Reached *** piety under Sif Muna
  8045 | D:8      | Reached skill level 1 in Armour
  8294 | D:8      | Killed an unseen horror
  8294 | D:8      | Reached XP level 10. HP: 42/50 MP: 19/24
  8337 | D:8      | Noticed Pikel
  8353 | D:8      | Killed Pikel
  8709 | D:8      | Noticed an orange crystal statue
  8714 | D:8      | Noticed a two-headed ogre
  8856 | D:8      | Killed an orange crystal statue
  9083 | D:9      | Noticed a moth of wrath
  9084 | D:9      | Found a bloodstained altar of Trog.
  9084 | D:9      | Noticed HunterMK's ghost (novice MiFi)
  9091 | D:9      | Noticed a two-headed ogre
  9092 | D:9      | Found a transporter.
  9102 | D:9      | Noticed a cyclops
  9105 | D:9      | Identified the cursed +1 great mace of the Head {holy,
                  | *Corrode +Inv rPois rF+++}
  9105 | D:9      | Noticed a two-headed ogre
  9109 | D:9      | Found a transporter.
  9338 | D:9      | Reached skill level 8 in Earth Magic
  9345 | D:9      | Reached skill level 5 in Invocations
  9400 | D:9      | Reached skill level 5 in Evocations
  9529 | D:9      | Noticed an orc sorcerer
  9800 | D:9      | Killed an orc sorcerer
 10024 | D:9      | Reached **** piety under Sif Muna
 10329 | D:9      | Reached XP level 11. HP: 51/54 MP: 10/26
 11003 | D:9      | Noticed a -2 hand axe
 11003 | D:9      | Noticed a +4 dagger
 11004 | D:9      | Found a hide-covered altar of Uskayaw.
 11256 | D:10     | Entered Level 10 of the Dungeon
 11398 | D:10     | Noticed Nergalle
 11401 | D:10     | Killed Nergalle
 11515 | D:10     | Found a staircase to the Lair.
 11522 | D:10     | Reached skill level 9 in Earth Magic
 12545 | D:10     | Reached skill level 10 in Spellcasting
 12768 | D:10     | Gained mutation: You expend magic power (3 MP) to
                  | strengthen your wands. [potion of mutation]
 12768 | D:10     | Gained mutation: You are agile. (Dex +2) [potion of
                  | mutation]
 13088 | D:11     | Noticed a two-headed ogre
 13096 | D:11     | Killed a two-headed ogre
 13129 | D:11     | Found an opulent altar of Gozag.
 13130 | D:11     | Noticed a cyan ugly thing
 13137 | D:11     | Reached skill level 10 in Earth Magic
 13138 | D:11     | Killed a cyan ugly thing
 13324 | D:11     | Reached skill level 5 in Shields
 13342 | D:11     | Reached ***** piety under Sif Muna
 13344 | D:11     | Noticed a purple ugly thing
 13347 | D:11     | Killed a purple ugly thing
 13427 | D:11     | Identified Sif Muna's Advanced Guide to Thaumaturgy (Sif
                  | Muna gifted it to you on level 11 of the Dungeon)
 13427 | D:11     | Received a gift from Sif Muna
 13454 | D:11     | Reached XP level 12. HP: 59/59 MP: 17/28
 14103 | D:12     | Found a deep blue altar of Sif Muna.
 14742 | D:12     | Reached skill level 10 in Dodging
 14915 | D:12     | Found a staircase to the Orcish Mines.
 15197 | D:13     | Noticed Snorg
 15205 | D:13     | Killed Snorg
 15205 | D:13     | Reached skill level 11 in Earth Magic
 15214 | D:13     | Noticed Josephine
 15215 | D:13     | Found a shimmering altar of Xom.
 15229 | D:12     | Killed Josephine
 15229 | D:12     | Reached skill level 10 in Conjurations
 15421 | D:13     | Noticed Nessos
 15425 | D:13     | Killed Nessos
 15539 | D:13     | Found Toqan's Armour Emporium.
 15544 | D:13     | Bought a +1 pair of gloves of strength for 231 gold pieces
 15567 | D:13     | Identified the cursed +3 trident of Eternity {pierce, rN+
                  | MP-9 Dex+3}
 15568 | D:13     | Found a runed translucent door.
 15568 | D:13     | Noticed Hasart's ghost (journeyman DEEE)
 15592 | D:13     | Noticed Sonja
 15596 | D:13     | Killed Sonja
 15723 | D:13     | Found a flagged portal.
 15807 | Bailey   | Entered a bailey
 16258 | Bailey   | Identified the +10 lajatang of Wrath {freeze, Str+7 Stlth+}
 16956 | D:13     | Noticed a centaur warrior
 16961 | D:13     | Killed a centaur warrior
 16961 | D:13     | Reached skill level 12 in Earth Magic
 17276 | D:13     | Got a jewelled ring mail
 17277 | D:13     | Identified the +4 ring mail "Weid" {+Blink rCorr} (You
                  | found it on level 13 of the Dungeon)
 17368 | D:13     | Found the +7 mace of Variability {chain chaos}
 17793 | Orc:1    | Entered Level 1 of the Orcish Mines
 17801 | Orc:1    | Noticed Fannar
 17883 | Lair:1   | Entered Level 1 of the Lair of Beasts
 17934 | Lair:1   | Reached XP level 13. HP: 63/63 MP: 21/30
 19253 | Lair:2   | Reached skill level 1 in Staves
 19293 | Lair:2   | Reached skill level 1 in Fighting
 20385 | Lair:3   | Identified Sif Muna's Handbook of Ashen Dark Rites (Sif
                  | Muna gifted it to you on level 3 of the Lair of Beasts)
 20385 | Lair:3   | Received a gift from Sif Muna
 20412 | Lair:3   | Learned a level 6 spell: Iron Shot
 20422 | Lair:3   | Learned a level 9 spell: Shatter
 20424 | Lair:3   | Reached skill level 13 in Earth Magic
 21050 | Lair:3   | Found a staircase to the Snake Pit.
 21645 | Lair:3   | Found a staircase to the Swamp.
 23463 | Lair:5   | Reached skill level 14 in Earth Magic
 23743 | Lair:5   | Found a staircase to the Slime Pits.
 23749 | Lair:5   | Received a gift from Sif Muna
 23920 | Lair:5   | Reached XP level 14. HP: 75/75 MP: 24/33
 24213 | Lair:6   | Entered Level 6 of the Lair of Beasts
 25788 | Lair:6   | Reached skill level 5 in Fighting
 25788 | Lair:6   | Reached skill level 15 in Earth Magic
 26513 | Orc:1    | Killed Fannar
 26654 | Orc:1    | Noticed Gastronok
 26889 | Orc:1    | Killed Gastronok
 27207 | Orc:1    | Found a roughly hewn altar of Beogh.
 27387 | Orc:2    | Entered Level 2 of the Orcish Mines
 28309 | Orc:2    | Found a roughly hewn altar of Beogh.
 28310 | Orc:2    | Received a gift from Sif Muna
 28379 | Orc:2    | Found a roughly hewn altar of Beogh.
 28380 | Orc:2    | Found a staircase to the Elven Halls.
 28397 | Orc:2    | Found a roughly hewn altar of Beogh.
 28424 | Orc:2    | Noticed Rupert
 28559 | Orc:2    | Reached skill level 16 in Earth Magic
 29245 | Orc:2    | Killed Rupert
 29585 | Orc:2    | Found a roughly hewn altar of Beogh.
 29700 | Orc:2    | Reached skill level 15 in Spellcasting
 29924 | Orc:2    | Noticed an orc warlord
 29949 | Orc:2    | Killed an orc warlord
 30064 | Orc:2    | Found Elloff's Antique Armour Emporium.
 30064 | Orc:2    | Found a roughly hewn altar of Beogh.
 30068 | Orc:2    | Found Vuorosuchi's Antique Weapon Shoppe.
 30074 | Orc:2    | Bought an ichor-stained trident for 246 gold pieces
 30119 | Orc:2    | Reached XP level 15. HP: 82/82 MP: 36/36
 30188 | Orc:2    | Found a roughly hewn altar of Beogh.
 30192 | Orc:2    | Found Idweuren's Book Emporium.
 30217 | Orc:2    | Found a roughly hewn altar of Beogh.
 30224 | Orc:2    | Found Neliott's Antique Armour Shop.
 30229 | Orc:2    | Bought a pair of ichor-stained gloves for 304 gold pieces
 30239 | Orc:2    | Identified the cursed -1 pair of gloves of Momuby {*Contam
                  | rPois MR++ rCorr} (You bought it in a shop on level 2 of
                  | the Orcish Mines)
 30242 | Orc:2    | Identified the +5 trident of the Big Fish {freeze, rElec
                  | Int+4} (You bought it in a shop on level 2 of the Orcish
                  | Mines)
 30361 | D:14     | Found Syatiah's Weapon Shop.
 30390 | D:14     | Found Qiasik's Antique Armour Shoppe.
 30657 | D:5      | Bought the +5 pair of boots of the Well-Known Scars {+Fly
                  | rF++} for 729 gold pieces
 30697 | D:4      | Bought a scroll of blinking for 82 gold pieces
 30697 | D:4      | Bought a scroll of acquirement for 572 gold pieces
 30697 | D:4      | Bought an uncursed staff of power for 275 gold pieces
 30698 | D:4      | Got a pair of encrusted gloves
 30699 | D:4      | Identified the +2 pair of gloves of the Untouchables
                  | {*Contam rF+ MP+9 Int+8} (You acquired it on level 4 of the
                  | Dungeon)
 31229 | D:14     | Found Tasoic's Book Emporium.
 31393 | D:14     | Got a transparent robe
 31394 | D:14     | Identified the +0 robe of Fallacy {Dex+3} (You found it on
                  | level 14 of the Dungeon)
 31661 | D:14     | Reached skill level 17 in Earth Magic
 31665 | D:14     | Found Sivvic's Assorted Antiques.
 31676 | D:14     | Bought a scroll labeled VOGENU XOASER for 43 gold pieces
 31676 | D:14     | Bought a scroll of teleportation for 129 gold pieces
 31767 | D:14     | Found Otweom's Magic Scroll Emporium.
 31867 | D:14     | Found a gate to the Vaults.
 32038 | D:15     | Entered Level 15 of the Dungeon
 32333 | D:15     | Received a gift from Sif Muna
 33572 | D:15     | Found a staircase to the Depths.
 33581 | Depths:1 | Entered Level 1 of the Depths
 33595 | Depths:1 | Reached skill level 18 in Earth Magic
 33746 | Depths:1 | Identified the +2 faerie dragon scales {Regen+ rCorr Str+4
                  | Stlth+}
 33746 | Depths:1 | Noticed the Enchantress
 33881 | D:15     | Killed the Enchantress
 34014 | Depths:1 | Noticed Asterion
 34020 | Depths:1 | Killed Asterion
 34137 | Depths:1 | Identified Sif Muna's Almanac of Feathers and Fire (Sif
                  | Muna gifted it to you on level 1 of the Depths)
 34137 | Depths:1 | Received a gift from Sif Muna
 34223 | Depths:1 | Reached XP level 16. HP: 73/87 MP: 36/38
 34510 | Swamp:1  | Entered Level 1 of the Swamp
 35100 | Swamp:1  | Got a pitted ivory ring
 35101 | Swamp:1  | Identified the ring of the Tempest {rCorr +Blink rC+++
                  | Str+2 Stlth-} (You found it on level 1 of the Swamp)
 35127 | Swamp:1  | Reached skill level 19 in Earth Magic
 37360 | Swamp:2  | Identified Suummeud's Almanac of the Rocks (Sif Muna gifted
                  | it to you on level 2 of the Swamp)
 37360 | Swamp:2  | Received a gift from Sif Muna
 38243 | Swamp:3  | Reached skill level 20 in Earth Magic
 39286 | Swamp:3  | Noticed a tentacled monstrosity
 39287 | Swamp:3  | Noticed a thorn hunter
 39305 | Swamp:3  | Found a transporter.
 39308 | Swamp:3  | Noticed a thorn hunter
 39763 | Swamp:4  | Entered Level 4 of the Swamp
 40538 | Swamp:4  | Reached XP level 17. HP: 92/92 MP: 32/41
 41190 | Swamp:4  | Got a decaying rune of Zot
 41301 | Swamp:4  | Identified Suod Zue's Tome of the Evil Snowflakes (Sif Muna
                  | gifted it to you on level 4 of the Swamp)
 41301 | Swamp:4  | Received a gift from Sif Muna
 41948 | Snake:1  | Entered Level 1 of the Snake Pit
 41968 | Snake:1  | Reached skill level 21 in Earth Magic
 42299 | Snake:1  | Found a shadowy altar of Dithmenos.
 42501 | Snake:1  | Identified the +3 robe of the Fife {Dex+3}
 43327 | Snake:1  | Identified Sif Muna's Disquisition on Shifting Companions
                  | (Sif Muna gifted it to you on level 1 of the Snake Pit)
 43327 | Snake:1  | Received a gift from Sif Muna
 44971 | Snake:2  | Reached ****** piety under Sif Muna
 45133 | Snake:2  | Reached skill level 22 in Earth Magic
 45474 | Snake:2  | You fall through a shaft!
 46862 | Snake:3  | Reached XP level 18. HP: 93/96 MP: 6/44
 46865 | Snake:3  | Identified Febikhih's Handbook of Flamy Confrontation (Sif
                  | Muna gifted it to you on level 3 of the Snake Pit)
 46865 | Snake:3  | Received a gift from Sif Muna
 47905 | Snake:3  | Found Jasashri's Armour Shoppe.
 48297 | Snake:4  | Entered Level 4 of the Snake Pit
 48297 | Snake:4  | Noticed Louise
 48305 | Snake:4  | Killed Louise
 48472 | Snake:4  | Noticed Saint Roka
 48486 | Snake:4  | Killed Saint Roka
 48940 | Snake:4  | Found Qaocris's Jewellery Shop.
 48941 | Snake:4  | Found Ruvarphe's Gadget Shoppe.
 48942 | Snake:4  | Found Wimoih's Jewellery Shop.
 48956 | Snake:4  | Bought the ring "Poerip" {rF+ rC+ Int+3 SInv Stlth-} for
                  | 507 gold pieces
 49092 | Snake:4  | Noticed Mara
 49095 | Snake:4  | Noticed Hasart's illusion
 49097 | Snake:4  | Killed Mara
 49255 | Snake:4  | Reached skill level 23 in Earth Magic
 50005 | Snake:4  | Identified Sif Muna's Almanac of Summoning and
                  | Augmentations (Sif Muna gifted it to you on level 4 of the
                  | Snake Pit)
 50005 | Snake:4  | Received a gift from Sif Muna
 51782 | Snake:4  | Got a serpentine rune of Zot
 52974 | Elf:1    | Entered Level 1 of the Elven Halls
 53048 | Elf:1    | Found Miuhu's Assorted Antiques.
 53101 | Elf:1    | Reached XP level 19. HP: 96/100 MP: 2/46
 53115 | Elf:1    | Reached skill level 24 in Earth Magic
 53129 | Orc:2    | Learned a level 9 spell: Fire Storm
 53132 | Orc:2    | Learned a level 2 spell: Swiftness
 53141 | Orc:2    | Learned a level 8 spell: Lehudib's Crystal Spear
 53425 | Elf:1    | Identified Sif Muna's Tome of Confrontation (Sif Muna
                  | gifted it to you on level 1 of the Elven Halls)
 53425 | Elf:1    | Received a gift from Sif Muna
 53686 | Elf:1    | Identified the Collected Works on Creative Attacks
 55055 | Elf:2    | Found a runed translucent gate.
 55055 | Elf:2    | Found a runed translucent gate.
 55055 | Elf:2    | Found a runed translucent gate.
 56711 | Elf:3    | Entered Level 3 of the Elven Halls
 56821 | Elf:3    | Found Oskax's General Store.
 56827 | Elf:3    | Found Kaygoe's Jewellery Emporium.
 57082 | Elf:3    | Received a gift from Sif Muna
 57085 | Elf:3    | Reached skill level 25 in Earth Magic
 57375 | Elf:3    | Identified the ring "Peuffut" {rCorr *Drain rPois rC-
                  | rN+++}
 57404 | Elf:3    | Identified the +10 great mace "Pobyikke" {venom, Dex+3}
 57404 | Elf:3    | Identified the ring "Lusog" {Fire Int+4 Slay-6 Stlth+}
 57504 | Elf:3    | Identified the +7 rapier "Lusevijo" {holy, +Rage rPois MR++
                  | Dex+3}
 57505 | Elf:3    | Identified the cursed +1 flail "Nyeme" {venom, *Corrode
                  | Str-5 Dex+9 SInv}
 57892 | Elf:3    | Identified the amulet of Imnadd {Faith rElec}
 58030 | Elf:3    | Identified the +8 spear "Isonivek" {flame, Stlth+}
 58036 | Elf:3    | Reached XP level 20. HP: 97/106 MP: 10/48
 58238 | Elf:3    | Found the +3 hat of Pondering {ponderous, MR+ MP+10 Int+5}
 58244 | Elf:3    | Got a glittering diamond amulet
 58245 | Elf:3    | Identified the amulet "Giyreum" {Inacc rF- Int+4 SInv} (You
                  | found it on level 3 of the Elven Halls)
 58279 | Elf:3    | Identified the +10 scimitar of Duty {slice, +Rage rF+++ rC-
                  | Stlth-} (You found it on level 3 of the Elven Halls)
 58971 | Elf:3    | Identified the cursed +1 spear of the Revolution {pierce,
                  | *Drain rF++ MR+++ Dex-3} (You found it on level 3 of the
                  | Elven Halls)
 58976 | Elf:3    | Got a pair of smoking gloves
 58977 | Elf:3    | Identified the +0 pair of gloves of Ashenzari {rElec rC-
                  | Str+4} (You acquired it on level 3 of the Elven Halls)
 59117 | Elf:1    | Bought a sparkling copper ring for 205 gold pieces
 59117 | Elf:1    | Identified the ring "Wiepniow" {rElec MR++ MP+9 Str-5
                  | Dex+2} (You bought it in a shop on level 1 of the Elven
                  | Halls)
 59467 | Depths:1 | Found a gateway to Hell.
 59472 | Depths:1 | Found a gateway to a ziggurat.
 59661 | Depths:1 | Found a one-way gate to the infinite horrors of the Abyss.
 59962 | Depths:1 | Identified Sif Muna's Papyrus of Supportive Evil (Sif Muna
                  | gifted it to you on level 1 of the Depths)
 59962 | Depths:1 | Received a gift from Sif Muna
 60751 | Depths:2 | Noticed a juggernaut
 60988 | Depths:2 | Killed a juggernaut
 60988 | Depths:2 | Reached skill level 26 in Earth Magic
 61160 | Depths:2 | Reached skill level 1 in Fire Magic
 61784 | Depths:2 | Identified Sif Muna's Catalogue of Displaced Moulding (Sif
                  | Muna gifted it to you on level 2 of the Depths)
 61784 | Depths:2 | Received a gift from Sif Muna
 62431 | Depths:2 | Noticed a caustic shrike
 62511 | Depths:2 | Killed a caustic shrike
 62608 | Depths:2 | Reached skill level 5 in Fire Magic
 62860 | Vaults:1 | Entered Level 1 of the Vaults
 63462 | Vaults:1 | Reached XP level 21. HP: 106/112 MP: 14/50
 63738 | Vaults:1 | Identified the +1 leather armour "Ludourph" {Stlth+}
 63861 | Vaults:1 | Identified Sif Muna's Collected Works on Beguiling (Sif
                  | Muna gifted it to you on level 1 of the Vaults)
 63861 | Vaults:1 | Received a gift from Sif Muna
 64509 | Vaults:1 | Found Plog's Jewellery Emporium.
 64517 | Vaults:1 | Bought an uncursed amulet of regeneration for 360 gold
                  | pieces
 67219 | Vaults:2 | Identified Sif Muna's Disquisition on Confrontation (Sif
                  | Muna gifted it to you on level 2 of the Vaults)
 67219 | Vaults:2 | Received a gift from Sif Muna
 68025 | Vaults:2 | Identified the +2 robe of the Unbroken {rPois Str+3} (You
                  | found it on level 2 of the Vaults)
 68050 | Vaults:2 | Found a staircase to the Crypt.
 68325 | Vaults:2 | Found a runed translucent gate.
 68325 | Vaults:2 | Found a runed translucent gate.
 68326 | Vaults:2 | Found a runed translucent gate.
 68326 | Vaults:2 | Noticed Marixus's ghost (adept HOFi)
 69237 | Vaults:3 | Reached skill level 10 in Fire Magic
 69276 | Vaults:3 | Found Unealamp's Armour Boutique.
 69536 | Vaults:3 | Identified Mijoe's Incunabulum of Dusty Blows and Bruises
                  | (Sif Muna gifted it to you on level 3 of the Vaults)
 69536 | Vaults:3 | Received a gift from Sif Muna
 69802 | Vaults:3 | Reached XP level 22. HP: 111/121 MP: 35/52
 71654 | Vaults:4 | Identified Sif Muna's Tome of Supportive Confrontation (Sif
                  | Muna gifted it to you on level 4 of the Vaults)
 71654 | Vaults:4 | Received a gift from Sif Muna
 74123 | Vaults:4 | Identified Bodir's Disquisition on Earthen Fire (Sif Muna
                  | gifted it to you on level 4 of the Vaults)
 74123 | Vaults:4 | Received a gift from Sif Muna
 74240 | Vaults:4 | Learned a level 8 spell: Ignition
 74482 | Vaults:5 | Entered Level 5 of the Vaults
 74484 | Vaults:5 | Reached XP level 23. HP: 129/129 MP: 34/53
 74942 | Depths:2 | Reached skill level 27 in Earth Magic
 75300 | Depths:2 | Identified Sif Muna's Volume of Evil Attacks (Sif Muna
                  | gifted it to you on level 2 of the Depths)
 75300 | Depths:2 | Received a gift from Sif Muna
 75991 | Depths:2 | Identified the Incunabulum of Evil
 76123 | Depths:3 | Noticed Nikola
 76126 | Depths:3 | Killed Nikola
 77206 | Depths:3 | Found a burning altar of Makhleb.
 77878 | Depths:3 | Found a one-way gate leading to the halls of Pandemonium.
 77930 | Depths:3 | Found a runed translucent gate.
 77930 | Depths:3 | Found a runed translucent gate.
 77930 | Depths:3 | Found a runed translucent gate.
 77930 | Depths:3 | Noticed vishdafish's ghost (veteran GnFi)
 77931 | Depths:3 | Noticed feelmyfire's ghost (veteran MfWr)
 78916 | D:9      | Killed HunterMK's ghost
 78923 | D:9      | Reached skill level 10 in Fighting
 79214 | D:13     | Killed Hasart's ghost
 79218 | D:13     | Reached skill level 15 in Fire Magic
 79568 | Swamp:3  | Identified Urugi's Almanac of Lucky Companions (Sif Muna
                  | gifted it to you on level 3 of the Swamp)
 79568 | Swamp:3  | Received a gift from Sif Muna
 79634 | Swamp:3  | Found a transporter.
 80074 | Vaults:5 | Identified the +6 spear "Nyibahif" {freeze, Str+4 Dex+4
                  | SInv}
 80308 | Crypt:1  | Entered Level 1 of the Crypt
 80877 | Crypt:1  | Noticed Khufu
 80885 | Crypt:1  | Killed Khufu
 81057 | Crypt:1  | Reached XP level 24. HP: 137/137 MP: 6/54
 83030 | Crypt:3  | Entered Level 3 of the Crypt
 83809 | Crypt:3  | Found a staircase to the Tomb.
 84129 | Crypt:3  | Learned a level 8 spell: Necromutation
 84162 | Crypt:3  | Identified Sif Muna's Grimoire of Confrontation and the
                  | Compass (Sif Muna gifted it to you on level 3 of the Crypt)
 84162 | Crypt:3  | Received a gift from Sif Muna
 84325 | Crypt:3  | Reached skill level 1 in Necromancy
 84439 | Crypt:3  | Noticed Xtahua
 84444 | Crypt:3  | Killed Xtahua
 84980 | Crypt:3  | Found the +7 sceptre of Torment {pain, torment}
 85328 | Crypt:3  | Noticed a greater mummy
 85335 | Crypt:3  | Killed a greater mummy
 86258 | Depths:4 | Reached skill level 5 in Armour
 86393 | Depths:4 | Noticed Sojobo
 86410 | Depths:3 | Killed Sojobo
 86927 | Depths:4 | Reached skill level 5 in Necromancy
 87110 | Depths:4 | Reached skill level 5 in Transmutations
 87644 | Depths:5 | Entered Level 5 of the Depths
 87719 | Depths:5 | Noticed a juggernaut
 87725 | Depths:5 | Killed a juggernaut
 87934 | Depths:5 | Identified Sif Muna's Tome of Creative Augmentations (Sif
                  | Muna gifted it to you on level 5 of the Depths)
 87934 | Depths:5 | Received a gift from Sif Muna
 88897 | Depths:5 | Reached XP level 25. HP: 105/137 MP: 38/54
 89506 | Depths:5 | Got a pair of warped gloves
 89507 | Depths:5 | Identified the -1 pair of gloves of Uskayaw's Hope {rElec
                  | rN++ rCorr} (You acquired it on level 5 of the Depths)
 89907 | Depths:5 | Found a gate to the Realm of Zot.
 90363 | Hell     | Entered the Vestibule of Hell
 90363 | Hell     | Noticed Geryon
 90375 | Hell     | Killed Geryon
 90547 | Hell     | Identified Bufacze's Papyrus of Toxic Transmutation (Sif
                  | Muna gifted it to you in the Vestibule of Hell)
 90547 | Hell     | Received a gift from Sif Muna
 90707 | Depths:5 | Learned a level 2 spell: Shroud of Golubria
 90713 | Hell     | Reached skill level 10 in Necromancy
 91225 | Hell     | Found a gateway to the Iron City of Dis.
 91364 | Hell     | Found a gateway to the freezing wastes of Cocytus.
 91594 | Hell     | Found a gateway to the decaying netherworld of Tartarus.
 91789 | Hell     | Found a gateway to the ashen valley of Gehenna.
 92391 | Vaults:5 | Reached skill level 10 in Transmutations
 92556 | Vaults:5 | Identified Vizxoulem's Incunabulum of Ghastly Stones (Sif
                  | Muna gifted it to you on level 5 of the Vaults)
 92556 | Vaults:5 | Received a gift from Sif Muna
 92611 | Vaults:5 | Identified the +8 spear "Xotuinyhe" {protect, Dex+4}
 92676 | Vaults:5 | Reached XP level 26. HP: 147/147 MP: 26/55
 94335 | Vaults:5 | Identified Sif Muna's Incunabulum of the Captivating
                  | Mountains (Sif Muna gifted it to you on level 5 of the
                  | Vaults)
 94335 | Vaults:5 | Received a gift from Sif Muna
 94878 | Vaults:5 | Got a silver rune of Zot
 95557 | Zot:1    | Entered Level 1 of the Realm of Zot
 95985 | Zot:1    | Reached skill level 10 in Invocations
 95985 | Zot:1    | Reached skill level 15 in Dodging
 96673 | Zot:1    | You fall through a shaft!
 96693 | Zot:2    | You fall through a shaft for 2 floors!
 96702 | Zot:4    | HP: 6/147 [storm dragon (7)]
 96707 | Zot:4    | Identified the +5 long sword of Victory {holy, rF+}
 96708 | Zot:4    | HP: 5/147 [death cob (4)]
 96709 | Zot:4    | Mangled by a storm dragon

Skill      XL: |  1  2  3  4  5  6  7  8  9 10 11 12 13 14 15 16 17 18 19 20 21 22 23 24 25 26 |
---------------+-------------------------------------------------------------------------------+-----
Earth Magic    | 4 5 6 7 8 10 12 14 16 18 20 22 23 25 26 27 | 27.0
Dodging        | 3 4 5 6 7 8 9 10 11 12 14 15 | 15.0
Spellcasting   | 4 5 6 7 8 9 10 11 13 15 16 18 20 21 22 23 24 25 26 | 26.9
Conjurations   | 1 2 4 5 6 7 8 9 10 12 13 14 | 14.3
Invocations    | 1 2 4 5 7 8 9 10 | 10.2
Evocations     | 1 2 4 5 |  5.0
Shields        | 1 2 3 5 7 8 9 |  9.6
Armour         | 1 3 5 6 |  6.0
Staves         | 3 |  3.0
Fighting       | 3 5 6 7 9 10 | 10.0
Fire Magic     | 6 10 13 15 16 | 16.3
Necromancy     | 7 11 13 | 13.9
Transmutations | 6 11 13 | 13.1
Stealth        | |  2.4

Action                   |  1- 3 |  4- 6 |  7- 9 | 10-12 | 13-15 | 16-18 | 19-21 | 22-24 | 25-27 || total
-------------------------+-------+-------+-------+-------+-------+-------+-------+-------+-------++-------
Melee: Unarmed           |     7 |       |       |       |       |       |       |       |       ||     7
       Rapier            |       |    34 |    24 |       |       |       |       |       |       ||    58
       Long sword        |       |       |    23 |       |       |       |       |       |       ||    23
       Short sword       |       |       |    11 |     2 |       |       |       |       |       ||    13
       Staff             |       |       |       |    19 |    48 |       |       |       |       ||    67
       Trident           |       |       |       |       |     5 |    83 |    13 |   113 |    18 ||   232
 Cast: Sandblast         |    65 |   114 |   107 |   181 |     7 |    29 |     2 |       |     5 ||   510
       Stone Arrow       |       |    18 |    37 |   220 |   202 |    35 |    46 |    34 |     5 ||   597
       Lee's Rapid Decon |       |       |     8 |    60 |   130 |    73 |   138 |   180 |    44 ||   633
       Iron Shot         |       |       |       |       |   182 |   547 |   339 |   389 |   154 ||  1611
       Shatter           |       |       |       |       |       |     4 |    44 |    38 |    38 ||   124
       Swiftness         |       |       |       |       |       |       |     1 |       |       ||     1
       Lehudib's Crystal |       |       |       |       |       |       |     6 |    52 |    66 ||   124
       Ignition          |       |       |       |       |       |       |       |    22 |     2 ||    24
       Shroud of Golubri |       |       |       |       |       |       |       |       |     4 ||     4
Invok: Channel Magic     |       |       |       |     1 |     1 |     4 |     3 |     8 |    10 ||    27
 Abil: Evoke Blink       |       |       |       |       |       |     2 |       |       |     2 ||     4
  Use: Potion            |       |     3 |       |     6 |       |     6 |       |       |     4 ||    19
       Scroll            |       |       |     4 |     2 |     8 |    18 |     9 |     3 |    10 ||    54
 Stab: Sleeping          |       |     2 |     2 |       |     3 |       |       |       |       ||     7
  Eat: Chunk             |     1 |    10 |    11 |    24 |    74 |    65 |    50 |    35 |     7 ||   277
       Ration            |       |       |     1 |     3 |       |       |       |     9 |     6 ||    19
Armor: Robe              |     7 |    10 |    19 |       |       |       |       |       |       ||    36
       Leather armour    |       |       |     2 |    15 |    11 |       |       |       |       ||    28
       Acid dragon scale |       |       |       |       |    10 |   111 |    44 |    55 |    54 ||   274
Dodge: Dodged            |    23 |    66 |    77 |   115 |   123 |   341 |   118 |   158 |   140 ||  1161
       Deflected         |       |       |       |       |     1 |    65 |    23 |    35 |    23 ||   147
Block: Buckler           |       |       |     5 |    48 |    58 |   129 |    53 |    61 |    54 ||   408
       Reflection        |       |       |       |       |       |       |       |     3 |    21 ||    24
       Rpst.: Long sword |       |       |    11 |       |       |       |       |       |       ||    11
